[Event "*** Titled Tuesday Blitz"]
[Site "Chess.com"]
[Date "2021.02.02"]
[Round "6"]
[White "queen_iryna"]
[Black "JAAC2002"]
[Result "0-1"]
[WhiteElo "2323"]
[BlackElo "2497"]
[TimeControl "180+1"]
[EndTime "11:07:36 PST"]
[Termination "JAAC2002 won by resignation"]

1. e4 c5 2. Nf3 d6 3. Bb5+ Bd7 4.
Bxd7+ Qxd7 5. c4 Nf6 6. Nc3 g6 7. d4 cxd4 8. Nxd4 Bg7 9. Be3 Ng4 10. Bc1 Nc6 11. Nde2 O-O 12. O-O Rfc8 13. h3 Nge5 14. b3 Qd8 15. Be3 Qa5 16. Rc1 a6 17. Nd5 Nd7 18.
Nd4 Kf8 19. a4 e6 20. Nc3 Nc5 21. Nxc6 Rxc6 22. Bd4 Qb4 23. Bxc5 Qxc5 24. Qe2 Qb4 25. Qd3 Qxb3 26. Rfd1 Qxc4 27. Qf3 Bxc3 28. Rxc3 Qxc3 29. Qe2 Rac8 30. Rd2 Qa1+ 31. Kh2 Qe5+ 32. g3 0-1

[Event "*** Titled Tuesday Blitz"]
[Site "Chess.com"]
[Date "2021.02.02"]
[Round "6"]
[White "Etud-otradnoe"]
[Black "dukicz123"]
[Result "0-1"]
[WhiteElo "2370"]
[BlackElo "2586"]
[TimeControl "180+1"]
[EndTime "11:07:37 PST"]
[Termination "dukicz123 won on time"]

1. e4 e5 2. Nf3 Nc6 3. Bb5 a6 4. Ba4 Nf6 5. Qe2 b5 6. Bb3 Bc5 7. a4 b4 8. a5 Nd4 9. Nxd4 Bxd4 10. c3 Ba7 11. d3 h6 12. Nd2 bxc3 13. bxc3 O-O 14.
Ba3 Re8 15. O-O d5 16. Qf3 c6 17. exd5 cxd5 18. Ba4 Bd7 19. Bxd7 Qxd7 20. Rfe1 Rac8 21. Bb4 Ng4 22. Re2 f5 23. h3 e4 24. dxe4 dxe4 25. Nxe4 Ne5 26. Nf6+ gxf6 27. Qg3+ Qg7 28. Qh4 Nf3+ 0-1

[Event "*** Titled Tuesday Blitz"]
[Site "Chess.com"]
[Date "2021.02.02"]
[Round "6"]
[White "Yaryi_sergey"]
[Black "KubaGepard"]
[Result "0-1"]
[WhiteElo "2459"]
[BlackElo "2336"]
[TimeControl "180+1"]
[EndTime "11:07:38 PST"]
[Termination "KubaGepard won by resignation"]

1. e4 c5 2. Nc3 d6 3. g3 g6 4. Bg2 Bg7 5. h4 Nf6 6. Nge2 Nc6 7. d3 Rb8 8. a4 a6 9. Bg5 h6 10. Bf4 e5 11. Bd2 Be6 12. Qc1 Nd4 13. Ng1 d5 14. Nf3 Nc6 15. exd5 Nxd5 16. Ne4 b6 17.
Nc3 a5 18. O-O Nde7 19. Re1 Rb7 20. Nb5 Rd7 21. Bc3 f6 22. Bd2 h5 23. Nc3 O-O 24.
Bh6 Nf5 25. Bxg7 Kxg7 26. Nd2 Nfd4 27. b3 Nb4 28. f4 Ndxc2 29. fxe5 f5 30. Nf3 Rxd3 31.
Ng5 Re8 32. Nb5 Nxa1 33. Qxa1 Nc2 34. Qb2 Nxe1 35. Nd6 Re7 36. Bf1 Rxg3+ 37. Kf2 Rg2+ 38. Bxg2 Nd3+ 0-1

[Event "*** Titled Tuesday Blitz"]
[Site "Chess.com"]
[Date "2021.02.02"]
[Round "6"]
[White "kamilianin235"]
[Black "onetowin"]
[Result "1-0"]
[WhiteElo "2228"]
[BlackElo "2007"]
[TimeControl "180+1"]
[EndTime "11:07:39 PST"]
[Termination "kamilianin235 won by resignation"]

1. e4 b6 2. d3 Bb7 3. Ne2 e6 4. g3 c5 5. Bg2 Nf6 6. O-O d5 7. e5 Ng4 8. f4 h5 9. c3 h4 10. h3 Nh6 11. g4 Nc6 12. Nd2 Ng8 13. Nf3 Qc7 14. Be3 O-O-O 15. Bf2 Be7 16. Qe1 f6 17. exf6 Nxf6 18. Bxh4 Kb8 19. Bg3 Ka8 20. Rd1 d4 21. c4 Nb4 22. f5 Nc2 23. Bxc7 Nxe1 24. Bxd8 Nxf3+ 25. Bxf3 Rxd8 26. Bxb7+ Kxb7 27. fxe6 Rh8 28. Kg2 Nh7 29. Rf7 1-0

[Event "*** Titled Tuesday Blitz"]
[Site "Chess.com"]
[Date "2021.02.02"]
[Round "6"]
[White "Konavets"]
[Black "anon102030"]
[Result "1-0"]
[WhiteElo "2935"]
[BlackElo "2734"]
[TimeControl "180+1"]
[EndTime "11:07:41 PST"]
[Termination "Konavets won on time"]

1. e4 e5 2. Nf3 Nc6 3. Bc4 Bc5 4. d3 Nf6 5. Bg5 h6 6. Bh4 d6 7. Nbd2 Be6 8. a4 g5 9. Bg3 Qe7 10.
c3 a5 11. Qb3 O-O-O 12. O-O-O Nh5 13. Bd5 Nf6 14. Kb1 Qd7 15. h4 g4 16. Ng1 Bxd5 17. exd5 Ne7 18. c4 Nf5 19. Ne2 Rde8 20. h5 Nxg3 21.
fxg3 e4 22. d4 Bb4 23. Nf1 e3 24. Nxe3 Ne4 25. Nc2 Nd2+ 26. Rxd2 Bxd2 27. Qd3 Bg5 28. Nc3 Re7 29. c5 Rhe8 30. c6 bxc6 31. Qa6+ Kd8 32.
dxc6 Qc8 33. Qxa5 Re6 34. Ka2 Rf6 35. Nd5 Rf2 36. Ncb4 Ree2 37. Nd3 Rxg2 38. Rf1 f6 39. Nxf6 Qe6+ 40. Nd5 Rd2 41. Rf8+ 1-0

[Event "*** Titled Tuesday Blitz"]
[Site "Chess.com"]
[Date "2021.02.02"]
[Round "6"]
[White "IceBelka"]
[Black "Kretov_Evgenij"]
[Result "0-1"]
[WhiteElo "2372"]
[BlackElo "2560"]
[TimeControl "180+1"]
[EndTime "11:07:42 PST"]
[Termination "Kretov_Evgenij won by resignation"]

1. e4 c5 2. Nf3 Nc6 3. d4 cxd4 4.
Nxd4 g6 5. Nc3 Bg7 6. Be3 Nf6 7. Bc4 O-O 8. Bb3 d6 9. f3 Bd7 10. h4 Nxd4 11. Bxd4 a5 12. a4 Be6 13. Nd5 Nxd5 14. exd5 Bd7 15. Bxg7 Kxg7 16. Qd4+ f6 17. h5 Rc8 18.
O-O-O g5 19. h6+ Kh8 20. Rde1 Bf5 21. g4 Bg6 22. f4 gxf4 23. Rhf1 Rc5 24. Rxf4 Qc7 25.
Rf2 Rc8 26. Ree2 Qb6 27. Qe3 Bxc2 28. Bc4 Bb3 29. Qxe7 Rxc4+ 30. Rc2 Rxc2+ 31. Rxc2 Qg1+ 32. Kd2 Rxc2+ 33. Kd3 Qd1+ 0-1

[Event "*** Titled Tuesday Blitz"]
[Site "Chess.com"]
[Date "2021.02.02"]
[Round "6"]
[White "JoliyRoger"]
[Black "ZenBull"]
[Result "1-0"]
[WhiteElo "2410"]
[BlackElo "2241"]
[TimeControl "180+1"]
[EndTime "11:07:44 PST"]
[Termination "JoliyRoger won by checkmate"]

1. d4 Nf6 2. c4 e6 3. Nf3 d5 4. Nc3 Bb4 5. cxd5 exd5 6. Bg5 h6 7. Bxf6 Qxf6 8. Rc1 O-O 9. e3 c6 10. Bd3 Bd6 11. Ne2 Bg4 12. Ng3 Nd7 13. O-O Rfe8 14.
Be2 Nf8 15. Re1 Ng6 16. Nf1 Re7 17. h3 Bd7 18. N1h2 h5 19. Nf1 Rae8 20. N3h2 h4 21.
Bg4 Bb8 22. Bxd7 Rxd7 23. Qg4 Qe6 24. Qh5 f5 25. Nf3 Qf6 26. N1d2 Rde7 27. Ng5 Qd6 28.
Ndf3 f4 29. Nxh4 Nxh4 30. Qh7+ Kf8 31. Qh8# 1-0

[Event "*** Titled Tuesday Blitz"]
[Site "Chess.com"]
[Date "2021.02.02"]
[Round "6"]
[White "Mikhail_Golubev"]
[Black "HanSchut"]
[Result "1-0"]
[WhiteElo "2534"]
[BlackElo "2276"]
[TimeControl "180+1"]
[EndTime "11:07:46 PST"]
[Termination "Mikhail_Golubev won on time"]

1. e4 c5 2. Nf3 d6 3. d4 cxd4 4. Nxd4 Nf6 5. Nc3 a6 6. Bc4 e6 7. O-O b5 8. Bb3 b4 9. Na4 Bd7 10. Re1 Nc6 11. Nxc6 Bxc6 12. Bd2 Rb8 13. a3 bxa3 14. Rxa3 d5 15. exd5 Bxa3 16. dxc6 Bd6 17. Bc3 O-O 18. Bxf6 gxf6 19. Qg4+ Kh8 20. Rd1 Rg8 21. Qf3 Rg6 22. Nc5 Qc7 23. Nxa6 Bxh2+ 24. Kf1 Qb6 25. Nxb8 Qxb8 26. g3 Kg7 27. Kg2 1-0

[Event "*** Titled Tuesday Blitz"]
[Site "Chess.com"]
[Date "2021.02.02"]
[Round "6"]
[White "Zhigalko_Sergei"]
[Black "Boninknights"]
[Result "1-0"]
[WhiteElo "2897"]
[BlackElo "2479"]
[TimeControl "180+1"]
[EndTime "11:07:47 PST"]
[Termination "Zhigalko_Sergei won by resignation"]

1. e4 c5 2. Nf3 Nc6 3. c3 e6 4.
d4 d5 5. e5 Qb6 6. a3 a5 7. Bd3 Bd7 8. Bc2 Nh6 9. O-O Be7 10.
dxc5 Bxc5 11. c4 Ng4 12. Qe2 dxc4 13. Nc3 Nxf2 14. Rxf2 Bxf2+ 15. Qxf2 Qxf2+ 16. Kxf2 Ne7 17. Be3 b5 18. Bc5 Ng6 19. Bd6 f5 20. Nd4 Kf7 21. Ncxb5 a4 22. Re1 Ra6 23. Bb4 Rb8 24. Nd6+ Kg8 25. Nxc4 Nf4 26. Ne3 g5 27. g3 Nh3+ 28.
Ke2 Bb5+ 29. Kd2 Rd8 30. Bd6 Kf7 31. Nxb5 1-0

[Event "*** Titled Tuesday Blitz"]
[Site "Chess.com"]
[Date "2021.02.02"]
[Round "6"]
[White "GM_LOADING"]
[Black "FlySooHigh"]
[Result "0-1"]
[WhiteElo "2463"]
[BlackElo "2609"]
[TimeControl "180+1"]
[EndTime "11:07:47 PST"]
[Termination "FlySooHigh won on time"]

1. d4 Nf6 2. Nf3 c5 3. d5 b5 4. Bg5 Qb6 5. a4 bxa4 6. Bxf6 gxf6 7. Qc1 d6 8. Nc3 f5 9. Rxa4 Bg7 10. e3 Nd7 11.
Bd3 Rb8 12. O-O Qxb2 13. Qxb2 Rxb2 14. Nb5 a6 15. Nc7+ Kd8 16. Nxa6 Nb6 17. Ra5 Nxd5 18. Ng5 Be6 19. h3 h6 20. Nxe6+ fxe6 21. Bc4 Kd7 22. Ra4 Nc3 0-1

[Event "*** Titled Tuesday Blitz"]
[Site "Chess.com"]
[Date "2021.02.02"]
[Round "6"]
[White "MaevskiyNikolay"]
[Black "CakeinSpace2002"]
[Result "1-0"]
[WhiteElo "2572"]
[BlackElo "2364"]
[TimeControl "180+1"]
[EndTime "11:07:50 PST"]
[Termination "MaevskiyNikolay won by resignation"]

1. d4 Nf6 2. c4 g6 3. Nc3 Bg7 4. e4 O-O 5. Nge2 d6 6. h4 c5 7. d5 e6 8. Ng3 exd5 9. cxd5 Re8 10. Be2 b5 11. Bxb5 Nbd7 12. O-O Rb8 13. h5 a6 14. Be2 Ne5 15. Qc2 Nfg4 16. f3 Qh4 17. fxg4 Nxg4 18. Bxg4 Bd4+ 19. Rf2 Bxg4 20. Nf1 Bxf2+ 21.
Qxf2 Qxh5 22. Ne3 Bd7 23. Nc4 Rf8 24. Nxd6 Qe5 25. Nc4 Qd4 26. Qxd4 cxd4 27. Nd1 Rfe8 28. Nf2 f5 29. exf5 Bxf5 30. Bf4 Rbc8 31. Nd6 d3 32. Nxe8 Rxe8 33. Rd1 Re2 34. Nxd3 Be4 35. Nf2 Rxb2 36. d6 Rb8 37. d7 Rd8 38. Ng4 Kf7 39. Bg5 Rxd7 40. Rxd7+ Ke6 41. Re7+ Kf5 42. Ne3+ Kxg5 43.
Rxe4 1-0

[Event "*** Titled Tuesday Blitz"]
[Site "Chess.com"]
[Date "2021.02.02"]
[Round "6"]
[White "Aikiigm"]
[Black "Politov_Pavel"]
[Result "0-1"]
[WhiteElo "2569"]
[BlackElo "2432"]
[TimeControl "180+1"]
[EndTime "11:07:51 PST"]
[Termination "Politov_Pavel won by resignation"]

1. e4 e5 2. Nf3 Nf6 3. Nxe5 d6 4. Nd3 Nxe4 5. Nc3 Nf6 6. g3 Bd7 7. Bg2 Bc6 8. O-O Bxg2 9. Kxg2 Nc6 10. b3 Be7 11.
Bb2 O-O 12. Qf3 d5 13. Rfe1 Nd4 14. Qd1 c5 15. Ne2 Nc6 16. Ne5 d4 17. Nf4 Nxe5 18. Rxe5 Bd6 19. Re1 Bxf4 20. gxf4 Qd5+ 21. Qf3 Qf5 22.
d3 Rfe8 23. Rad1 h5 24. h3 h4 25. Bc1 Qd5 26. Bd2 b5 27. Qxd5 Nxd5 28. Re5 Rxe5 29. fxe5 a5 30. Kf3 a4 31. Ke4 Nb6 32. Bg5 axb3 33.
axb3 Ra2 34. Rd2 Ra1 35. Bxh4 Rh1 36. Bg3 Rxh3 37. b4 cxb4 38. Kxd4 Na4 39. Kd5 Rh6 40. d4 Nc3+ 41. Kc5 Ne4+ 42. Kxb5 Nxd2 43. Bf4 Ne4 44. Kxb4 Rh3 45. c4 Nxf2 46. c5 Nd3+ 47. Kc4 Nxf4 0-1

[Event "*** Titled Tuesday Blitz"]
[Site "Chess.com"]
[Date "2021.02.02"]
[Round "6"]
[White "shaheus"]
[Black "sorrm8thatscheckm8"]
[Result "0-1"]
[WhiteElo "2403"]
[BlackElo "2567"]
[TimeControl "180+1"]
[EndTime "11:07:51 PST"]
[Termination "sorrm8thatscheckm8 won on time"]

1. e4 c5 2. Nf3 Nc6 3. c3 Nf6 4. e5 Nd5 5. d4 cxd4 6. cxd4 d6 7.
Nc3 Nxc3 8. bxc3 dxe5 9. d5 Nb8 10. Nxe5 Nd7 11. Bb5 a6 12. Qa4 axb5 13. Qxa8 Nxe5 14. O-O g6 15. Be3 Bg7 16. Bb6 Qd7 17. a4 O-O 18. axb5 Qxd5 19. Qa4 Bh3 20. f3 Bd7 21. Rab1 Rc8 22.
Rfd1 Nd3 23. Bd4 Bxd4+ 24. cxd4 Nf4 25. Qb3 Qg5 26. g3 Rc3 27. Qa2 Rxf3 28. Rf1 Rxg3+ 29. hxg3 Qxg3+ 30. Kh1 Bf5 0-1

[Event "*** Titled Tuesday Blitz"]
[Site "Chess.com"]
[Date "2021.02.02"]
[Round "6"]
[White "Pintacara"]
[Black "Taabling"]
[Result "1-0"]
[WhiteElo "2495"]
[BlackElo "2323"]
[TimeControl "180+1"]
[EndTime "11:07:51 PST"]
[Termination "Pintacara won by checkmate"]

1. d4 d6 2. Bg5 c6 3. Nc3 Qb6 4. Qd2 Qxb2 5. Rb1 Qa3 6. e4 h6 7.
Bh4 Qa5 8. Bc4 Nd7 9. Nge2 Ngf6 10. O-O g5 11. Bg3 h5 12. e5 dxe5 13. dxe5 Nxe5 14. Bxe5 Qxe5 15. Rfd1 Qc7 16. Qxg5 Rg8 17. Qd2 Bg4 18. Qe3 e6 19. h3 Bf5 20. Nd4 Bc5 21.
Nxe6 fxe6 22. Qxc5 Bxh3 23. Bf1 Bg4 24. Nb5 Qe7 25.
Nd6+ Kf8 26. Rxb7 Nd7 27. Rxd7 Qxd7 28. Nf5+ Ke8 29. Rxd7 Kxd7 30. Qe7+ Kc8 31. Nd6+ Kb8 32. Qb7# 1-0

[Event "*** Titled Tuesday Blitz"]
[Site "Chess.com"]
[Date "2021.02.02"]
[Round "6"]
[White "motivated_bishop"]
[Black "Mazanchenko_Dmitry"]
[Result "1-0"]
[WhiteElo "2393"]
[BlackElo "2153"]
[TimeControl "180+1"]
[EndTime "11:07:51 PST"]
[Termination "motivated_bishop won on time"]

1. d4 g6 2. e4 Bg7 3. c4 d6 4. Nc3 Nc6 5. Be3 e5 6. d5 Nd4 7. Nge2 Bg4 8. f3 Bxf3 9. gxf3 Nxf3+ 10. Kf2 Qf6 11. Bg2 Nh4+ 12. Kg1 Bh6 13. Bxh6 Nxh6 14. Qd2 Qf3 15. Ng3 Ng4 16. Qe2 Qf4 17. Re1 f5 18. exf5 gxf5 19. Nf1 Nxg2 20. Kxg2 Rg8 21.
Ng3 O-O-O 22. Rhf1 Qh6 23. Kh1 f4 24. Nge4 Qh3 25.
Rf3 Qh5 26. Rg1 Rg6 27. Rff1 Rdg8 28. c5 Ne3 29. Qxh5 Nxf1 30. Rxf1 1-0

[Event "*** Titled Tuesday Blitz"]
[Site "Chess.com"]
[Date "2021.02.02"]
[Round "6"]
[White "superchess02"]
[Black "MFBerna"]
[Result "1-0"]
[WhiteElo "2793"]
[BlackElo "2505"]
[TimeControl "180+1"]
[EndTime "11:07:55 PST"]
[Termination "superchess02 won by resignation"]

1. d4 d5 2. Nf3 Nf6 3. Bg5 Ne4 4.
Bf4 c6 5. e3 Bf5 6. Bd3 e6 7.
O-O Bd6 8. Bxd6 Qxd6 9. Nbd2 O-O 10. Bxe4 dxe4 11. Ng5 e5 12. Ngxe4 Qg6 13. Qf3 Nd7 14.
c3 Rfe8 15. Nd6 Bg4 16. Qg3 Qxd6 17. Qxg4 Nf6 18. Qg3 Rad8 19. Nc4 Qd5 20. Nxe5 Ne4 21. Qf3 f6 22. c4 Qe6 23. Qxe4 fxe5 24. dxe5 Qxe5 25.
Qxe5 Rxe5 26. Rad1 Ree8 27. b3 Kf7 28. g3 Ke6 29.
Kg2 Rf8 30. Rd4 c5 31. Re4+ Kd6 32. Rd1+ Kc6 33. Re6+ Kc7 34. Rd5 Rxd5 35. cxd5 Rf7 36. e4 b5 37. Rc6+ Kb7 38. Rxc5 Kb6 39. Rc6+ Ka5 40. e5 b4 41. e6 Rf5 42. e7 Re5 43.
Re6 1-0

[Event "*** Titled Tuesday Blitz"]
[Site "Chess.com"]
[Date "2021.02.02"]
[Round "6"]
[White "GregShahade"]
[Black "petrkostenko"]
[Result "1-0"]
[WhiteElo "2662"]
[BlackElo "2459"]
[TimeControl "180+1"]
[EndTime "11:07:55 PST"]
[Termination "GregShahade won on time"]

1. e4 e6 2. d4 d5 3. Nd2 c5 4.
exd5 Qxd5 5. Ngf3 cxd4 6. Bc4 Qd6 7. O-O Nf6 8. Nb3 Nc6 9. Nbxd4 Nxd4 10. Nxd4 Bd7 11. c3 Qc7 12. Qe2 a6 13. g3 Rc8 14.
Bb3 Bc5 15. Bf4 Qb6 16. Nf5 O-O 17. Nxg7 Kxg7 18. Be5 Be7 19. Rfd1 Rfd8 20. Qg4+ Kf8 21.
Qh4 Ng8 22. Qxh7 f6 23. Rd4 Be8 24. Rg4 Bf7 25. Bf4 Qc6 26. Rg7 1-0

[Event "*** Titled Tuesday Blitz"]
[Site "Chess.com"]
[Date "2021.02.02"]
[Round "6"]
[White "HackingKid98"]
[Black "JoachimMouhamad"]
[Result "1-0"]
[WhiteElo "2455"]
[BlackElo "2305"]
[TimeControl "180+1"]
[EndTime "11:07:58 PST"]
[Termination "HackingKid98 won on time"]

1. d4 Nf6 2. Nf3 g6 3. g3 d5 4.
Bg2 Bg7 5. c4 c6 6. cxd5 cxd5 7.
Ne5 Ne4 8. Nc3 Nxc3 9. bxc3 Nd7 10. Nxd7 Qxd7 11. Qb3 e6 12. Ba3 Bf8 13. Bxf8 Kxf8 14. O-O b6 15. c4 Bb7 16. cxd5 Bxd5 17. Bxd5 exd5 18. Rac1 Kg7 19. Rc3 Rac8 20. Rfc1 Rxc3 21. Rxc3 h5 22. Qc2 h4 23. Rc7 Qh3 24. Qd3 hxg3 25. Qxg3 Qxg3+ 26. hxg3 a5 27. e3 Rb8 28. Rd7 b5 29.
Rxd5 a4 30. Rc5 b4 31. Rc1 f5 32. Kf1 Kf6 33. Ke2 Kg5 34. f3 Rh8 35. Kd3 Rh2 36. Rc4 Rxa2 37. Rxb4 Ra3+ 38. Kc4 Rxe3 39. d5 a3 40. Ra4 Rxf3 41. d6 Rf1 42. Rxa3 Rd1 43.
Kc5 Kf6 44. Kc6 Rc1+ 45. Kd7 Rd1 46. Re3 Kg5 47. Re6 Rd3 48. Ke7 Rxg3 49. d7 Rd3 50.
Rd6 Re3+ 51. Kf7 Rh3 52. d8=Q+ 1-0

[Event "*** Titled Tuesday Blitz"]
[Site "Chess.com"]
[Date "2021.02.02"]
[Round "6"]
[White "SilviusTiberius"]
[Black "Godzillator"]
[Result "1-0"]
[WhiteElo "2473"]
[BlackElo "2313"]
[TimeControl "180+1"]
[EndTime "11:08:00 PST"]
[Termination "SilviusTiberius won by resignation"]

1. e4 c6 2. d4 d5 3. exd5 cxd5 4.
Bd3 Nc6 5. c3 Nf6 6. Bf4 Bg4 7.
Qb3 Qc8 8. Nd2 e6 9. Ngf3 Be7 10.
O-O Bh5 11. Rae1 a6 12. a3 b5 13. Qc2 Bg6 14. Nb3 Nd7 15. Bg5 O-O 16. Bxe7 Nxe7 17.
Ng5 Bxd3 18. Qxd3 Nf6 19. Nc5 h6 20. Nf3 Nc6 21. b4 Ne8 22. Ne5 Nd6 23. Ned7 Nc4 24. Nxf8 Qxf8 25. a4 bxa4 26. Nxa4 a5 27. b5 Na7 28. b6 Nb5 29. Rb1 Nbd6 30. b7 Rb8 31. Nc5 Qe7 32. Qd1 Ne4 33. Nxe4 dxe4 34. Qa4 Nd2 35.
Qxa5 Nxf1 36. Kxf1 f5 37. Qb6 Kh7 38. c4 Qd7 39. Qa7 Qc7 40. g3 Qxc4+ 41. Kg1 Qc7 42. Qa6 Qd7 43. Qb6 h5 44. h4 Kg6 45. Rb5 Kf6 46. d5 g6 47. dxe6 Qxe6 48. Qc7 Qe8 49. Rb6+ 1-0

[Event "*** Titled Tuesday Blitz"]
[Site "Chess.com"]
[Date "2021.02.02"]
[Round "6"]
[White "Iskusnyh"]
[Black "ozates"]
[Result "0-1"]
[WhiteElo "2601"]
[BlackElo "2488"]
[TimeControl "180+1"]
[EndTime "11:08:01 PST"]
[Termination "ozates won by checkmate"]

1. d4 d5 2. c4 c6 3. Nf3 Nf6 4. e3 e6 5. b3 c5 6. Bb2 Nc6 7. Nbd2 cxd4 8. exd4 Bd6 9. Bd3 O-O 10. O-O b6 11.
Qe2 Bb7 12. Rad1 Qe7 13. Ne5 Rac8 14. Qe3 Rfd8 15. Qh3 h6 16. Bb1 dxc4 17. Ndxc4 Bb8 18. Rfe1 b5 19. Ne3 Nb4 20. N5g4 Nxg4 21. Qxg4 Nd5 22. Qe4 Nf6 23. Qd3 Be4 24. Qxb5 Bxb1 25. Rxb1 Nd5 26. Nxd5 Rxd5 27. Qxd5 Bxh2+ 28. Kf1 Qh4 29. Qf3 Rc2 30. Qa8+ Bb8 31. Qxb8+ Kh7 32. Qg3 Qh1# 0-1

[Event "*** Titled Tuesday Blitz"]
[Site "Chess.com"]
[Date "2021.02.02"]
[Round "6"]
[White "AliKa2810"]
[Black "serhanberat_ozdemir"]
[Result "0-1"]
[WhiteElo "2568"]
[BlackElo "2434"]
[TimeControl "180+1"]
[EndTime "11:08:01 PST"]
[Termination "serhanberat_ozdemir won by resignation"]

1. Nf3 Nf6 2. c4 g6 3. Nc3 Bg7 4. e4 d6 5. d4 O-O 6. Be2 Bg4 7. O-O Nfd7 8. Be3 c5 9. d5 Na6 10. Nd2 Bxe2 11. Qxe2 Nc7 12. f4 e6 13. Kh1 exd5 14. cxd5 Re8 15. Qd3 b5 16. Nxb5 Nxb5 17.
Qxb5 Rb8 18. Qa6 Rb6 19. Qxa7 Rxb2 20. Rab1 Rxb1 21. Rxb1 Nf6 22. Rb7 Bh6 23. Rxf7 Bf8 24. h3 Nxe4 25. Rxh7 Qf6 26. Kh2 Nxd2 27. Bxd2 Re2 28.
Bc1 Be7 29. Rxe7 Rxe7 30. Qb8+ Kf7 31. a4 Qc3 32. Bb2 Qb4 33. Qh8 Qxf4+ 0-1

[Event "*** Titled Tuesday Blitz"]
[Site "Chess.com"]
[Date "2021.02.02"]
[Round "6"]
[White "Bastiandash"]
[Black "bogcsab"]
[Result "1-0"]
[WhiteElo "2477"]
[BlackElo "2174"]
[TimeControl "180+1"]
[EndTime "11:08:01 PST"]
[Termination "Bastiandash won on time"]

1. e4 d6 2. d4 Nf6 3. Nc3 g6 4. h3 Bg7 5. Be3 O-O 6. Nf3 c6 7. Qd2 b5 8. Bd3 Nbd7 9. a3 e5 10. dxe5 Nxe5 11. Nxe5 dxe5 12. Rd1 Be6 13. O-O Qe7 14. f3 a5 15. Qf2 Nd7 16. Rde1 b4 17.
Nb1 c5 18. Nd2 bxa3 19. bxa3 Rab8 20. Nc4 Rfc8 21. Kh1 Bxc4 22. Bxc4 Nb6 23. Bb5 Bf8 24. a4 Qc7 25. f4 exf4 26. Bxf4 Bd6 27. e5 Be7 28. e6 Bd6 29. Bxd6 Qxd6 30. Qxf7+ Kh8 31. e7 1-0

[Event "*** Titled Tuesday Blitz"]
[Site "Chess.com"]
[Date "2021.02.02"]
[Round "6"]
[White "Larciano"]
[Black "MasterMK73"]
[Result "0-1"]
[WhiteElo "1679"]
[BlackElo "2220"]
[TimeControl "180+1"]
[EndTime "11:08:01 PST"]
[Termination "MasterMK73 won by resignation"]

1. e4 c5 2. c3 d6 3. d4 Qc7 4. Bd3 g6 5. h3 Bg7 6. Nf3 Nd7 7. O-O Ngf6 8. Re1 e5 9. Na3 a6 10. Qe2 b5 11. dxe5 dxe5 12. Bg5 O-O 13. Rad1 h6 14. Bc1 c4 15. Bb1 Bb7 16. Nc2 Nc5 17. Nb4 Nfxe4 18. Bxe4 Bxe4 19. Be3 Nd3 20. Nxd3 Bxd3 21. Qd2 Rad8 22.
Bxh6 Be4 23. Qe3 Bxf3 24. Rxd8 Rxd8 25. Bxg7 Kxg7 26. Qxf3 Rd2 27. Re2 Rd1+ 28. Kh2 Rd3 29. Qe4 f6 30. g3 Qd7 31. Kg2 Rd5 32. h4 f5 33. Qe3 f4 34. Qe4 Qf7 35. gxf4 exf4 36.
Kf3 Rd3+ 37. Kg2 f3+ 0-1

[Event "*** Titled Tuesday Blitz"]
[Site "Chess.com"]
[Date "2021.02.02"]
[Round "6"]
[White "Kotofeyca"]
[Black "Berardino"]
[Result "0-1"]
[WhiteElo "2400"]
[BlackElo "2570"]
[TimeControl "180+1"]
[EndTime "11:08:02 PST"]
[Termination "Berardino won by checkmate"]

1. d4 d5 2. c4 e6 3. Nc3 Be7 4. Nf3 Nf6 5. cxd5 exd5 6. Qc2 c6 7. Bg5 g6 8. e3 Bf5 9. Bd3 Bxd3 10. Qxd3 Nbd7 11.
O-O O-O 12. Rab1 Re8 13. b4 a6 14. a4 Ne4 15. Bxe7 Qxe7 16. b5 axb5 17. axb5 Ra3 18.
Rfc1 c5 19. dxc5 Ndxc5 20. Qd4 Nb3 21. Nxd5 Qd6 22. Qc4 Nxc1 23. Qxc1 Ra2 24. Nc3 Rc8 25. Nxa2 Rxc1+ 26. Nxc1 Qd1+ 27. Ne1 Qxe1# 0-1

[Event "*** Titled Tuesday Blitz"]
[Site "Chess.com"]
[Date "2021.02.02"]
[Round "6"]
[White "joshdaruca"]
[Black "Isajevsky_Anton"]
[Result "1-0"]
[WhiteElo "2733"]
[BlackElo "2533"]
[TimeControl "180+1"]
[EndTime "11:08:03 PST"]
[Termination "joshdaruca won by resignation"]

1. b3 c5 2. Bb2 Nc6 3. Nf3 Nf6 4. c4 e6 5. Nc3 d5 6. cxd5 exd5 7. d4 Bg4 8. Ne5 cxd4 9. Nxc6 bxc6 10. Qxd4 Qb6 11.
Qe5+ Be6 12. e3 Ng4 13. Qf4 Rd8 14. h3 Nf6 15. Be2 h6 16. Qg3 Qb8 17. Qxb8 Rxb8 18. O-O Bd6 19. Rac1 Kd7 20. Na4 Ne4 21. Bd3 f6 22.
Bxe4 dxe4 23. Rfd1 Bd5 24. Nc5+ Bxc5 25. Rxc5 Ke6 26.
Ra5 Rb7 27. Bd4 Rd8 28. Rc1 Rdd7 29. Rcc5 h5 30. h4 g5 31. Kh2 Kf5 32. Kh3 Ke6 33. Ra6 Rf7 34. Rca5 Kf5 35. Rxc6 1-0

[Event "*** Titled Tuesday Blitz"]
[Site "Chess.com"]
[Date "2021.02.02"]
[Round "6"]
[White "vugarrasulov"]
[Black "LawrenceTrent"]
[Result "1-0"]
[WhiteElo "2745"]
[BlackElo "2578"]
[TimeControl "180+1"]
[EndTime "11:08:04 PST"]
[Termination "vugarrasulov won on time"]

1. g4 d5 2. Bg2 Bxg4 3. c4 d4 4. Bxb7 Nd7 5. d3 Rb8 6. Bg2 e5 7. Nf3 Ngf6 8. Qa4 Bb4+ 9. Bd2 a5 10. Nxe5 O-O 11. Nxg4 Nxg4 12. h3 Nc5 13. Qc2 Ne5 14. a3 Bxd2+ 15. Nxd2 a4 16. O-O-O Qe7 17. Kb1 Rb6 18.
Ka2 Rfb8 19. Rb1 f5 20. Rhe1 Kh8 21. Bf1 Qd6 22. e3 dxe3 23. Rxe3 Ne6 24. Qc3 Nd4 25. f4 Nd7 26. Bg2 c6 27. Nf3 c5 28. Ng5 Qf6 29. Bd5 g6 30. Nf7+ Kg7 31. Ne5 Qd6 32. Nxd7 Qxd7 33. Qe1 R6b7 34. Bxb7 Rxb7 35. Re5 Qc7 36. Qe3 Kh6 37. Qg3 Qb6 38. Qg5+ Kg7 39.
Re7+ Rxe7 40. Qxe7+ Kg8 41. Qe8+ Kg7 42. Qxa4 Qb8 43. Re1 Qxf4 44. Qa7+ Kh6 45. Qxc5 Qf2 46. Re8 f4 47. Re4 1-0

[Event "*** Titled Tuesday Blitz"]
[Site "Chess.com"]
[Date "2021.02.02"]
[Round "6"]
[White "amatatanav"]
[Black "dozer80"]
[Result "0-1"]
[WhiteElo "2450"]
[BlackElo "2600"]
[TimeControl "180+1"]
[EndTime "11:08:04 PST"]
[Termination "dozer80 won on time"]

1. e4 c6 2. Nc3 d5 3. Nf3 Bg4 4. d4 a6 5. Bd3 e6 6. O-O Bd6 7. Re1 Ne7 8. Bg5 O-O 9. Qe2 Qe8 10.
Bxe7 Bxe7 11. exd5 Bxf3 12. gxf3 cxd5 13. Nxd5 Nc6 14. Nxe7+ Qxe7 15. Qe4 g6 16. c3 Rad8 17. Bc4 Qd6 18. Kh1 Ne7 19. Qe5 Qd7 20. Qf6 Nf5 21.
Bb3 Qc6 22. Re4 a5 23. Rae1 a4 24. Bc2 Nd6 25. Re5 b6 26. Rh5 Nf5 0-1

[Event "*** Titled Tuesday Blitz"]
[Site "Chess.com"]
[Date "2021.02.02"]
[Round "6"]
[White "BairaKovanova"]
[Black "ftorodent"]
[Result "0-1"]
[WhiteElo "2497"]
[BlackElo "2696"]
[TimeControl "180+1"]
[EndTime "11:08:05 PST"]
[Termination "ftorodent won by resignation"]

1. e4 c5 2. Nf3 e6 3. d3 Nc6 4. g3 g6 5. Bg2 Bg7 6. O-O Nf6 7. c3 d5 8. Qe2 O-O 9. e5 Nd7 10. Bf4 b5 11. Re1 a5 12. Nbd2 Ba6 13. h4 h6 14. Rac1 Rc8 15. Nf1 d4 16. N1d2 dxc3 17.
bxc3 Qe7 18. Qe3 Kh7 19. Ne4 Ncxe5 20. Nxe5 Nxe5 21. Ng5+ hxg5 22. Bxe5 f6 23. hxg5 fxe5 24. Be4 Bb7 25. Kg2 Bxe4+ 26. dxe4 Kg8 27. Rh1 Rcd8 28. g4 Rf4 29. Qh3 Rd2 30. Qh7+ Kf7 31. Rcf1 Rxg4+ 32. Kh3 Qxg5 0-1